 Dungeon Crawl Stone Soup version 0.21.1-1-g345015f (webtiles) character file.

34505 poirepourri the Severer (level 13, -3/113 HPs)
             Began as a Minotaur Fighter on July 14, 2018.
             Was a High Priest of Makhleb.
             Slain by Kirke (10 damage)
             ... on level 6 of the Lair of Beasts.
             The game lasted 00:20:45 (17226 turns).

poirepourri the Severer (Minotaur Fighter)         Turns: 17226, Time: 00:20:46

Health: -3/113     AC:  0    Str: 26    XL:     13   Next: 42%
Magic:  18/18      EV: 21    Int:  5    God:    Makhleb [*****.]
Gold:   1105       SH:  0    Dex: 15    Spells: 12/12 levels left

rFire    . . .     SeeInvis .   (weapon currently unavailable)
rCold    . . .     Gourm    .   (shield currently unavailable)
rNeg     . . .     Faith    .   (armour currently unavailable)
rPois    .         Spirit   .   (helmet currently unavailable)
rElec    .         Reflect  .   (cloak currently unavailable)
rCorr    .         Harm     .   (gloves currently unavailable)
MR       .....                  (boots currently unavailable)
Stlth    +.........             x - amulet of regeneration
HPRegen  0.68/turn              (ring currently unavailable)
MPRegen  0.16/turn              (ring currently unavailable)

@: mighty, pig-form, slowed
A: small, (retaliatory headbutt)
a: Minor Destruction, Lesser Servant of Makhleb, Major Destruction, Greater
Servant of Makhleb, Renounce Religion


You were on level 6 of the Lair of Beasts.
You worshipped Makhleb.
Makhleb was extremely pleased with you.
You were not hungry.
You were a filthy swine.
You visited 3 branches of the dungeon, and saw 19 of its levels.

You collected 1325 gold pieces.
You spent 220 gold pieces at shops.

Inventory:

Hand Weapons
 a - a +0 war axe of flaming (melded)
 b - a +0 morningstar
 y - a +0 hand crossbow
Missiles
 d - 127 bolts
 m - 32 tomahawks
 G - 2 throwing nets (quivered)
Armour
 c - a +3 shield (melded)
 h - a +1 scale mail of fire resistance
 s - a +0 pair of boots (melded)
 u - a +1 cloak (melded)
 H - the +6 chain mail "Ugulus" (melded) {+Inv rCorr}
   (You found it on level 10 of the Dungeon)

   It lets you turn invisible.
   It protects you from acid and corrosion.
 K - a +2 pair of gloves (melded)
Jewellery
 o - a +2 ring of dexterity
 v - a ring of protection from fire (melded)
 x - an amulet of regeneration (around neck)
 D - a ring of positive energy (melded)
 I - an uncursed amulet of guardian spirit
 L - an uncursed ring of resist corrosion
Wands
 q - a wand of flame (18)
 w - a wand of random effects (26)
 z - a wand of paralysis (8)
 B - a wand of digging (31)
 P - a wand of clouds (6)
 Q - a wand of acid (3)
Scrolls
 e - 8 scrolls of remove curse
 k - a scroll of fear
 n - 12 scrolls of teleportation
 O - a scroll of amnesia
Potions
 g - 4 potions of flight
 i - 6 potions of curing
 j - a potion of magic {unknown}
 l - 2 potions of resistance
 p - a potion of invisibility
 t - 4 potions of might
 A - 2 potions of ambrosia {unknown}
 C - 4 potions of agility
 F - a potion of mutation {unknown}
 J - 4 potions of heal wounds
 M - 6 potions of lignification
 N - a potion of haste
Books
 r - a book of Party Tricks

   Spells                             Type                      Level
   a - Summon Butterflies             Summoning                    1
   b - Apportation                    Translocation                1
   c - Lesser Beckoning               Translocation                3
   d - Tukima's Dance                 Hexes                        3
   e - Alistair's Intoxication        Transmutation/Poison         5
   f - Invisibility                   Hexes                        6
Miscellaneous
 E - a fan of gales
Comestibles
 f - 26 rations


   Skills:
 + Level 9.8 Fighting
 - Level 17.0 Axes
 - Level 9.0 Armour
 - Level 9.3 Dodging
 - Level 10.1 Shields
 - Level 9.0 Invocations


You had 12 spell levels left.
You didn't know any spells.

Dungeon Overview and Level Annotations

Branches:
Dungeon (12/15)            Temple (1/1) D:6            Lair (6/6) D:10
  Swamp (0/4) Lair:3       Spider (0/4) Lair:3        Slime (0/5) Lair:5
    Orc (0/2) D:11

Altars:
Ashenzari
Cheibriados
Dithmenos
Elyvilon
Fedhas
Gozag
Hepliaklqana
Kikubaaqudgha
Makhleb
Nemelex Xobeh
Okawaru
Qazlal
Ru
Sif Muna
Trog
Uskayaw
Vehumet
Wu Jian
Xom
Yredelemnul
Zin
The Shining One
Jiyva

Shops:
D:5 !

Annotations:
Lair:6 Kirke


Innate Abilities, Weirdness & Mutations

((You reflexively headbutt those who attack you in melee.))
((You have a pair of horns on your head.))


Message History

You hit the sphinx.
The sphinx is lightly wounded.
Something closely misses you. The sphinx closely misses you.
The sphinx hits you. The sphinx misses you. The sphinx hits you!!
* * * LOW HITPOINT WARNING * * *
The sphinx hits you.
* * * LOW HITPOINT WARNING * * *
The sphinx hits you.
* * * LOW HITPOINT WARNING * * *
You see here a yak corpse.
Unknown command.
Unknown command.
You feel very mighty all of a sudden.
Cornered, the hog turns to fight!
The sphinx hits you!!
* * * LOW HITPOINT WARNING * * *
The sphinx hits you.
* * * LOW HITPOINT WARNING * * *
The sphinx completely misses you. Something hits you!
You die...

.. PP## ..... ......
#....###. ...##
##....##.##....#
###.........#...#
##...............# .
#................#
...#.........H†....##
..<..........h{....H#
......P<....#††....h#
............###....##
..P........## ....#
........h..# ....#
........##... ....#
........###... ......
......... ..........
.(......# ....


You could see a sphinx, a manticore (fleeing) and 2 hogs.

Vanquished Creatures
  Rupert (Lair:5)
  3 hydras
  2 two-headed ogres
  An unseen horror (D:11)
  5 black mambas
  2 manticores
  Psyche (D:9)
  2 gargoyles
  8 spiny frogs
  2 centaur skeletons
  12 komodo dragons
  A slime creature (D:11)
  7 dream sheep (Lair:4)
  4 blink frogs (Lair:4)
  Prince Ribbit (D:9)
  9 hippogriffs
  Sigmund (D:3)
  A wyvern (D:8)
  2 vampires
  31 yaks
  4 hogs (Lair:6)
  Grum (Lair:1)
  3 basilisks
  A hungry ghost (D:11)
  Menkaure (D:7)
  Edmund (D:4)
  7 water moccasins
  Duvessa (D:5)
  A swamp drake (D:11)
  10 porcupines
  3 sky beasts
  An ice beast (D:10)
  9 orc warriors
  A hornet zombie (D:8)
  A black bear (D:10)
  2 phantoms
  7 ogres
  4 centaurs
  9 wolves
  9 crocodiles
  2 big kobolds
  16 bullfrogs
  A water moccasin skeleton (D:7)
  Dowan (D:5)
  3 scorpions (D:10)
  2 electric eels
  2 howler monkeys
  A centaur zombie (D:6)
  3 crimson imps
  5 hounds
  8 jellies
  A bullfrog zombie (D:9)
  9 orc wizards
  9 orc priests
  A bullfrog skeleton (D:11)
  5 iguanas
  Crazy Yiuf (D:5)
  8 worker ants
  An ogre zombie (D:5)
  A hound zombie (D:4)
  A hound skeleton (D:7)
  9 adders
  3 gnolls (D:9)
  A howler monkey skeleton (D:8)
  An orc zombie (D:5)
  3 shadow imps
  7 oozes
  3 adder zombies
  An adder skeleton (D:5)
  2 worms
  2 dart slugs
  3 leopard geckos
  52 orcs
  3 ball pythons
  7 giant cockroaches
  7 goblins
  13 hobgoblins
  16 jackals
  5 quokkas
  8 bats
  4 frilled lizards
  A giant cockroach zombie (D:5)
  13 kobolds
  3 leopard gecko skeletons
  10 rats
  2 fungi
  3 plants
435 creatures vanquished.

Vanquished Creatures (others)
  3 fungi (Lair:4)
  2 plants
5 creatures vanquished.

Grand Total: 440 creatures vanquished

Notes
Turn   | Place    | Note
-------+----------+-------------------------------------------
     0 | D:1      | poirepourri the Minotaur Fighter began the quest for the Orb.
     0 | D:1      | Reached XP level 1. HP: 19/19 MP: 0/0
    85 | D:1      | Reached skill level 3 in Axes
   110 | D:1      | Reached XP level 2. HP: 15/26 MP: 1/1
   363 | D:1      | Reached skill level 4 in Axes
   785 | D:2      | Reached XP level 3. HP: 29/31 MP: 2/2
   953 | D:2      | Reached skill level 5 in Axes
  1016 | D:2      | Reached XP level 4. HP: 9/39 MP: 3/3
  1542 | D:2      | Found a sacrificial altar of Ru.
  2104 | D:3      | Noticed Sigmund
  2109 | D:3      | Killed Sigmund
  2109 | D:3      | Reached skill level 7 in Axes
  2109 | D:3      | Reached XP level 5. HP: 45/45 MP: 4/4
  2328 | D:3      | Reached XP level 6. HP: 50/51 MP: 5/5
  2462 | D:3      | Found a blossoming altar of Fedhas.
  2462 | D:3      | Found a faded altar of an unknown god.
  2471 | D:3      | Found a glowing golden altar of the Shining One.
  2474 | D:3      | Found a faded altar of an unknown god.
  2476 | D:3      | Found a hazy altar of Hepliaklqana.
  2532 | D:4      | Reached skill level 8 in Axes
  2597 | D:4      | HP: 1/51 [worker ant (5)]
  2610 | D:4      | HP: 1/51 [worker ant (2)]
  3370 | D:4      | Reached skill level 5 in Fighting
  3413 | D:4      | Reached XP level 7. HP: 62/62 MP: 6/6
  3729 | D:5      | Entered Level 5 of the Dungeon
  3729 | D:5      | Noticed Edmund
  3742 | D:4      | Killed Edmund
  3921 | D:5      | Found a runed door.
  4120 | D:5      | Noticed Duvessa
  4123 | D:5      | Noticed Dowan
  4126 | D:5      | Killed Dowan
  4126 | D:5      | Reached skill level 5 in Shields
  4128 | D:5      | Killed Duvessa
  4128 | D:5      | Reached XP level 8. HP: 56/73 MP: 7/7
  4233 | D:5      | Found Redara's Distillery.
  4237 | D:5      | Bought a potion of heal wounds for 55 gold pieces
  4237 | D:5      | Bought a potion of might for 44 gold pieces
  4237 | D:5      | Bought a potion of might for 44 gold pieces
  4237 | D:5      | Bought a potion of curing for 33 gold pieces
  4237 | D:5      | Bought a potion of might for 44 gold pieces
  4241 | D:5      | Found a transporter.
  4285 | D:5      | Found a transporter.
  4717 | D:5      | Noticed Crazy Yiuf
  4722 | D:5      | Killed Crazy Yiuf
  4999 | D:6      | Found an ornate altar of the Wu Jian Council.
  5077 | D:6      | Found a shimmering altar of Xom.
  5077 | D:6      | Found a shimmering altar of Xom.
  5078 | D:6      | Found a shimmering altar of Xom.
  5545 | D:6      | Found a shimmering altar of Xom.
  5547 | D:6      | Found a shimmering altar of Xom.
  5674 | D:6      | Found a staircase to the Ecumenical Temple.
  5991 | Temple   | Entered the Ecumenical Temple
  6232 | Temple   | Became a worshipper of Makhleb the Destroyer
  6457 | D:7      | Noticed Menkaure
  6463 | D:7      | Killed Menkaure
  6862 | D:7      | HP: 3/73 [orc warrior/long sword (16)]
  6865 | D:7      | Reached skill level 10 in Shields
  7256 | D:7      | Reached skill level 1 in Dodging
  7427 | D:7      | You fall through a shaft for 2 floors!
  7427 | D:9      | Found a shattered altar of Ashenzari.
  7439 | D:9      | Reached XP level 9. HP: 73/79 MP: 8/8
  7682 | D:8      | Reached skill level 5 in Dodging
  7988 | D:8      | Reached * piety under Makhleb
  8814 | D:9      | Noticed Psyche
  8819 | D:9      | Killed Psyche
  9094 | D:9      | Reached XP level 10. HP: 65/86 MP: 9/9
  9525 | D:9      | Noticed Prince Ribbit
  9541 | D:9      | Killed Prince Ribbit
  9541 | D:9      | Reached skill level 5 in Armour
  9709 | D:10     | Entered Level 10 of the Dungeon
  9724 | D:10     | Noticed a two-headed ogre
  9733 | D:10     | HP: 5/129 [two-headed ogre/giant club (15)]
  9735 | D:10     | Killed a two-headed ogre
 10103 | D:10     | Reached ** piety under Makhleb
 10146 | D:10     | Reached skill level 9 in Axes
 10366 | D:10     | Got a faintly humming chain mail
 10382 | D:10     | Found a staircase to the Lair.
 10537 | D:10     | Reached skill level 10 in Axes
 10641 | D:10     | Identified the +6 chain mail "Ugulus" {+Inv rCorr} (You found it on level 10 of the Dungeon)
 10722 | D:11     | Noticed a manticore
 10731 | D:11     | Killed a manticore
 10764 | D:11     | Killed an unseen horror
 10764 | D:11     | Reached skill level 11 in Axes
 10764 | D:11     | Reached XP level 11. HP: 92/92 MP: 10/10
 10907 | D:11     | Found a snail-covered altar of Cheibriados.
 11136 | D:11     | Reached *** piety under Makhleb
 11509 | D:11     | Found a staircase to the Orcish Mines.
 11521 | D:11     | Reached skill level 12 in Axes
 11857 | D:12     | Noticed a two-headed ogre
 11869 | D:12     | Killed a two-headed ogre
 11869 | D:12     | Reached skill level 13 in Axes
 11904 | D:12     | Reached **** piety under Makhleb
 12332 | Lair:1   | Entered Level 1 of the Lair of Beasts
 12364 | Lair:1   | Reached skill level 14 in Axes
 12863 | Lair:1   | Noticed an eight-headed hydra
 12868 | Lair:1   | Killed an eight-headed hydra
 12964 | Lair:1   | Reached skill level 15 in Axes
 12971 | Lair:1   | Noticed Grum
 12998 | Lair:1   | Killed Grum
 13064 | Lair:1   | Noticed a five-headed hydra
 13088 | Lair:1   | Reached XP level 12. HP: 100/100 MP: 11/11
 13092 | Lair:1   | Killed a five-headed hydra
 13309 | Lair:1   | Reached skill level 16 in Axes
 13915 | Lair:2   | Reached skill level 17 in Axes
 14034 | Lair:2   | Noticed a six-headed hydra
 14230 | Lair:2   | Killed a four-headed hydra
 14450 | Lair:2   | Reached skill level 1 in Invocations
 14689 | Lair:3   | Found a hole to the Spider Nest.
 15054 | Lair:3   | Reached skill level 5 in Invocations
 15209 | Lair:3   | Reached ***** piety under Makhleb
 15213 | Lair:3   | Found a staircase to the Swamp.
 15541 | Lair:4   | Reached XP level 13. HP: 107/107 MP: 17/17
 16273 | Lair:5   | Noticed Rupert
 16286 | Lair:5   | Paralysed by Rupert for 3 turns
 16293 | Lair:5   | Killed Rupert
 16524 | Lair:5   | Found a runed door.
 16526 | Lair:5   | Found a viscous altar of Jiyva.
 16527 | Lair:5   | Found a staircase to the Slime Pits.
 17197 | Lair:6   | Entered Level 6 of the Lair of Beasts
 17206 | Lair:6   | Noticed Kirke
 17224 | Lair:6   | Noticed a sphinx
 17226 | Lair:6   | Slain by Kirke

Skill      XL: |  1  2  3  4  5  6  7  8  9 10 11 12 13 |
---------------+----------------------------------------+-----
Axes           | 3 4 5 7 8 11 15 17 | 17.0
Fighting       | 5 7 8 9 |  9.8
Shields        | 6 10 | 10.1
Dodging        | 4 9 |  9.3
Armour         | 4 9 |  9.0
Invocations    | 6 9 |  9.0

Action                   |  1- 3 |  4- 6 |  7- 9 | 10-12 | 13-15 || total
-------------------------+-------+-------+-------+-------+-------++-------
Melee: War axe           |   107 |   104 |   317 |   621 |   164 ||  1313
       Headbutt          |    10 |    14 |    71 |   153 |    40 ||   288
       Unarmed           |       |       |       |       |     5 ||     5
Throw: Tomahawk          |       |     2 |     2 |       |       ||     4
Evoke: Wand              |       |       |     6 |    16 |       ||    22
  Use: Scroll            |     3 |     5 |     6 |    10 |     5 ||    29
       Potion            |     1 |     3 |     5 |     5 |     2 ||    16
 Stab: Invisible         |       |       |       |     4 |       ||     4
  Eat: Ration            |       |     2 |     6 |     8 |       ||    16
       Chunk             |       |     1 |       |       |       ||     1
Armor: Scale mail        |    80 |    47 |   100 |    50 |       ||   277
       Chain mail        |       |       |       |   236 |    55 ||   291
Dodge: Dodged            |    42 |    32 |    88 |   282 |    69 ||   513
Block: Shield            |    87 |    72 |   184 |   516 |   132 ||   991
